 Dungeon Crawl Stone Soup version 0.31-a0-152-g6aa68a64a1 (webtiles) character file.

Game seed: 14675549365828269982

4 qw the Shooter (level 1, 0/12 HPs)
             Began as a Gargoyle Hunter on June 10, 2023.
             Frozen to death by an endoplasm (3 damage)
             ... on level 1 of the Dungeon.
             The game lasted 00:00:01 (21 turns).

qw the Shooter (Gargoyle Hunter)                      Turns: 21, Time: 00:00:02

Health: 0/12       AC:  5    Str: 14    XL:     1   Next: 60%
Magic:  1/1        EV: 11    Int:  9    God:
Gold:   0          SH:  0    Dex: 13    Spells: 0/0 levels left

rFire   . . .        a - +0 shortbow
rCold   . . .        (shield currently unavailable)
rNeg    + . .        c - +0 leather armour
rPois   inf          (no helmet)
rElec   +            (no cloak)
rCorr   .            (no gloves)
SInv    .            (no boots)
Will    .....        (no amulet)
Stlth   +            (no ring)
HPRegen 0.22/turn    (no ring)
MPRegen 0.07/turn

%: no passive effects
@: no status effects
A: sickness immunity, AC +2, negative energy resistance 1, electricity
resistance, torment resistance 1, petrification resistance
a: no special abilities


You were on level 1 of the Dungeon.
You visited 1 branch of the dungeon, and saw 1 of its levels.


Innate Abilities, Weirdness & Mutations

You are immune to sickness and miasma.
Your stone body is resilient. (AC +2)
You are immune to poison.
You resist negative energy. (rN+)
You are resistant to electric shocks. (rElec)
You are resistant to unholy torment.
You are immune to petrification.


   Skills:
 - Level 2.1 Fighting
 + Level 4.2 Ranged Weapons
 - Level 1.5 Dodging
 - Level 1.1 Stealth


You couldn't memorise any spells.
You didn't know any spells.
Your spell library was empty.

Inventory:

Hand Weapons
 a - a +0 shortbow (weapon)
Armour
 c - a +0 leather armour (worn)
Scrolls
 b - a scroll of butterflies

Dungeon Overview and Level Annotations

Branches:
Dungeon (1/15)

Altars:


Message History

You shoot an arrow.
The arrow hits the ball python but does no damage.
A ball python comes into view.
You shoot an arrow. The ball python hisses angrily.
The arrow hits the ball python.
The ball python is severely wounded.
You shoot an arrow.
The arrow barely misses the ball python.
The ball python closely misses you. x2
You shoot an arrow.
The arrow barely misses the ball python.
A ball python comes into view.
The ball python barely misses you. The ball python closely misses you.
You shoot an arrow. The ball python hisses angrily.
The arrow hits the ball python but does no damage.
The ball python is severely wounded.
The ball python completely misses you. The ball python closely misses you.
The endoplasm hits you but does no damage.
You shoot an arrow. The arrow hits the ball python.
You kill the ball python!
The endoplasm completely misses you. The ball python closely misses you. x2
You shoot an arrow.
The arrow hits the ball python but does no damage.
The endoplasm freezes you.
You are frozen.
The ball python bites you. The ball python barely misses you.
The endoplasm hits you.
You shoot an arrow.
The arrow closely misses the ball python.
The ball python bites you but does no damage.
The ball python closely misses you. The ball python misses you.
The ball python grabs you. The ball python constricts you.
The endoplasm hits you but does no damage.
You shoot an arrow. The arrow hits the ball python.
You kill the ball python!
The ball python barely misses you. x2
The endoplasm freezes you.
You are frozen.
You die...

....... #..)....
#.......
#....... .
##.......
...####........
....)..JS.....#
.......@.#
########.#######
#.............#.
...............#
......#.#.......
....#.#.#.#.....
...##.#.#.##....
... . #.#}. ....
#######.#######.


You could see an endoplasm and a ball python.

Vanquished Creatures
  2 ball pythons (D:1)
  2 goblins (D:1)
4 creatures vanquished.

Notes
Turn   | Place    | Note
-------+----------+-------------------------------------------
     0 | D:1      | qw the Gargoyle Hunter began the quest for the Orb.
     0 | D:1      | Reached XP level 1. HP: 12/12 MP: 1/1
     0 | D:1      | 0 ||| qw: Version: 0.2-a-29-g767f381
     0 | D:1      | 0 ||| qw: Game counter: 3918
     0 | D:1      | 0 ||| qw: Always use a shield: true
     0 | D:1      | 0 ||| qw: God list: Okawaru
     0 | D:1      | 0 ||| qw: Allow faded altars: false
     0 | D:1      | 0 ||| qw: Do Orc after D:15 true
     0 | D:1      | 0 ||| qw: Do second Lair branch before Depths: true
     0 | D:1      | 0 ||| qw: Lair rune preference: random
     0 | D:1      | 0 ||| qw: Plans: Normal, Zot:1-4, Slime:5, God:TSO, Crypt,
                  | Tomb, Abyss, Pan, Hells, Win
     0 | D:1      | 0 ||| PLANNING D:1-11
    19 | D:1      | HP: 2/12 [endoplasm (2)]
    21 | D:1      | Frozen to death by an endoplasm

Levels and vault maps discovered:
D:1:      matt_arrival_grand_opening, layout_basic

Action                     || total
---------------------------++-------
   Fire: Shortbow          ||    12
 Armour: Leather armour    ||     3
  Dodge: Dodged            ||    14

Table legend:
 A = Non-vault XP
 B = Vault XP
 C = Vault XP percentage of total XP
 D = Non-vault monster count
 E = Vault monster count
 F = Vault count percentage of total count
                 A         B        C        D         E       F
            +---------+---------+-------+---------+---------+-------
      Total |       8 |       0 |   0.0 |       4 |       0 |   0.0
            +---------+---------+-------+---------+---------+-------
        D:1 |       8 |       0 |   0.0 |       4 |       0 |   0.0
            +---------+---------+-------+---------+---------+-------
